[Event "Early-Titled-Tuesday-Blitz-October-24-2023"]
[Site "Chess.com"]
[Date "2023.10.24"]
[Round "10"]
[White "WPWPWP-2015"]
[Black "krzyzan94"]
[Result "1-0"]
[WhiteElo "2564"]
[BlackElo "2730"]
[TimeControl "180+1"]
[EndTime "9:55:24 PDT"]
[Termination "WPWPWP-2015 won on time"]

1. e4 c5 2. Nf3 Nc6 3. Bb5 a6 4.
Bxc6 dxc6 5. d3 Bg4 6. h3 Bxf3 7. Qxf3 e5 8. Nd2 Bd6 9. O-O Ne7 10. Nc4 O-O 11. Ne3 b5 12. g3 Qd7 13. Kg2 f5 14.
exf5 Nxf5 15. Nxf5 Rxf5 16. Qe4 Raf8 17. Be3 Be7 18.
h4 Qd5 19. a4 b4 20. b3 Kh8 21. Rae1 Bd6 22. Re2 h6 23. Bc1 Bc7 24. Bb2 Qe6 25. f3 Qf6 26. Bc1 Qd6 27. g4 R5f7 28. h5 Qd5 29. Be3 Bd6 30. Ref2 Rf6 31. Re1 a5 32. Ref1 Kg8 33. Re2 Be7 34. Bg1 Bd6 35. Bh2 Re8 36. Bg3 Rff8 37. Rfe1 Qf7 38. Rf1 Qd5 39.
Rff2 Rf6 40. Rf1 Bc7 41. Rfe1 Ref8 42. Rf2 Qd7 43. Bxe5 Re6 44. Qc4 Kh8 45. Rfe2 Bxe5 46. Rxe5 Ref6 47. R5e3 Qd6 48. Rf1 Rf4 49. Qe6 Qd4 50. Qe5 Qd8 51. Qe7 Qd5 52. Re4 R4f7 53. Qe5 Qd8 54. Qxc5 Qh4 55. Qf2 Qg5 56. Qe3 Qh4 57. Rf2 Qf6 58. Re6 Qc3 59. Re4 Qa1 60. Rc4 Qf6 61. Rc5 Re7 62. Qd2 Qh4 63. Rxc6 Rfe8 64.
Rc4 Re1 65. Qxe1 Qxh5 66. Qxe8+ Qxe8 67. Re4 Qf8 68. Rfe2 Qc5 69. Re8+ Kh7 70. R8e5 Qc7 71. R5e4 Qc6 72. Re7 Qg6 73. R7e6 Qg5 74. Re8 h5 75. R8e4 h4 76. Kh3 Qf6 77. R4e3 Qf4 78. Kxh4 Qc7 79. Kh3 Kh6 80. Kg2 Qc3 81. Re6+ g6 82. R6e5 Qc7 83. Re7 Qf4 84. R7e4 Qc7 85. Re8 Qc3 86. R8e7 Kg5 87.
R7e5+ Kh4 88. Re7 Kg5 89. R7e6 Qc7 90. R2e5+ Kh4 91. Re2 Qg3+ 92. Kf1 Qxf3+ 93. Ke1 Qf4 94. R2e3 Qh2 95. Kd1 Qg1+ 96. Re1 Qg2 97. R1e2 Qf3 98.
Re4 Qf1+ 99. Kd2 Qa1 100. d4 1-0

[Event "Early-Titled-Tuesday-Blitz-October-24-2023"]
[Site "Chess.com"]
[Date "2023.10.24"]
[Round "11"]
[White "RandomNoob04"]
[Black "Mistango"]
[Result "1-0"]
[WhiteElo "2632"]
[BlackElo "2508"]
[TimeControl "180+1"]
[EndTime "9:58:15 PDT"]
[Termination "RandomNoob04 won by checkmate"]

1. e4 e5 2. d4 d6 3. dxe5 dxe5 4. Qxd8+ Kxd8 5. Nc3 Be6 6. f4 exf4 7. Bxf4 Ne7 8.
O-O-O+ Kc8 9. Nf3 h6 10. Nd4 Bd7 11. Bc4 Ng6 12. Bg3 f6 13. Nf3 Nc6 14. Nd5 Nce5 15. Nxe5 Nxe5 16. Bxe5 fxe5 17. Rhf1 Be8 18. Rxf8 Rxf8 19.
Ne7+ Kb8 20. Rd8# 1-0

[Event "Early-Titled-Tuesday-Blitz-October-24-2023"]
[Site "Chess.com"]
[Date "2023.10.24"]
[Round "11"]
[White "Boninknights"]
[Black "Iskusnyh"]
[Result "0-1"]
[WhiteElo "2314"]
[BlackElo "2569"]
[TimeControl "180+1"]
[EndTime "9:58:25 PDT"]
[Termination "Iskusnyh won by resignation"]

1. b3 e5 2. Bb2 Nc6 3. e3 d6 4. Bb5 Ne7 5. d4 a6 6. Bxc6+ Nxc6 7. dxe5 Nxe5 8. Bxe5 dxe5 9. Qxd8+ Kxd8 10. Nf3 f6 11. Nbd2 Be6 12. O-O-O Ba3+ 13. Kb1 Ke7 14. Ne4 Rhd8 15.
h3 a5 16. g4 a4 17. Nc3 axb3 18.
cxb3 Bb4 19. Rxd8 Rxd8 20. Kc2 Bxc3 21. Kxc3 Bd5 0-1

[Event "Early-Titled-Tuesday-Blitz-October-24-2023"]
[Site "Chess.com"]
[Date "2023.10.24"]
[Round "11"]
[White "MokshAD1603"]
[Black "blitzking1729"]
[Result "0-1"]
[WhiteElo "2651"]
[BlackElo "2808"]
[TimeControl "180+1"]
[EndTime "9:58:53 PDT"]
[Termination "blitzking1729 won by resignation"]

1. c4 Nf6 2. g3 e5 3. Bg2 c6 4. Nf3 e4 5. Nd4 Bc5 6. Nb3 Bb6 7. c5 Bc7 8. Nc3 d5 9. cxd6 Qxd6 10. Nxe4 Nxe4 11.
Bxe4 Bh3 12. d3 Qe6 13. Nc5 Qe7 14. Nxb7 Qb4+ 15. Bd2 Qxb7 16. Bc3 O-O 17. Qd2 f5 18. Qg5 Bd8 0-1

[Event "Early-Titled-Tuesday-Blitz-October-24-2023"]
[Site "Chess.com"]
[Date "2023.10.24"]
[Round "11"]
[White "Nasrin_Babayeva"]
[Black "carloseduar100"]
[Result "0-1"]
[WhiteElo "1780"]
[BlackElo "2282"]
[TimeControl "180+1"]
[EndTime "9:58:53 PDT"]
[Termination "carloseduar100 won by resignation"]

1. c4 e5 2. g3 Nc6 3. Bg2 Nf6 4.
Nc3 Bc5 5. e3 O-O 6. Nge2 Re8 7.
O-O a6 8. d4 exd4 9. exd4 Bb4 10. Bg5 h6 11. Bxf6 Qxf6 12. Nd5 Qd8 13. c5 d6 14. a3 Ba5 15. b4 dxc5 16. bxa5 cxd4 17.
Nxd4 Nxa5 18. Qa4 c5 19. Nc2 b5 20. Qf4 Bb7 21. Nc7 Bxg2 22. Kxg2 g5 23. Rad1 gxf4 24. Rxd8 Raxd8 25. Nxe8 Rxe8 26. gxf4 Nc4 27. Rd1 Re2 0-1

[Event "Early-Titled-Tuesday-Blitz-October-24-2023"]
[Site "Chess.com"]
[Date "2023.10.24"]
[Round "11"]
[White "zajka-molotok"]
[Black "ATM622"]
[Result "1-0"]
[WhiteElo "2541"]
[BlackElo "2416"]
[TimeControl "180+1"]
[EndTime "9:59:23 PDT"]
[Termination "zajka-molotok won by resignation"]

1. b3 d5 2. Bb2 Nf6 3. e3 c5 4.
Nf3 Nc6 5. Bb5 Bd7 6. d4 e6 7.
O-O Bd6 8. Nbd2 O-O 9. Qe2 Qc7 10. a3 cxd4 11. exd4 Rfe8 12. Bd3 e5 13. dxe5 Nxe5 14. Nxe5 Bxe5 15. Bxe5 Rxe5 16. Qf3 Rae8 17. Qg3 Nh5 18. Qh4 Qb6 19. Nf3 Qd6 20. Nxe5 Qxe5 21. g3 h6 22.
Rae1 Qxe1 23. Rxe1 Rxe1+ 24. Kg2 Nf6 25. Qb4 Rd1 26. Qxb7 h5 27. Qxa7 g5 28. Qb8+ Kg7 29.
Qe5 g4 30. Qg5+ 1-0

[Event "Early-Titled-Tuesday-Blitz-October-24-2023"]
[Site "Chess.com"]
[Date "2023.10.24"]
[Round "11"]
[White "c63_amg"]
[Black "Wizard_97"]
[Result "1-0"]
[WhiteElo "2811"]
[BlackElo "2614"]
[TimeControl "180+1"]
[EndTime "9:59:33 PDT"]
[Termination "c63_amg won by resignation"]

1. e4 c5 2. Nf3 d6 3. d4 cxd4 4.
Qxd4 a6 5. Be3 Nc6 6. Qb6 Bg4 7.
Qxb7 Qc8 8. Qxc8+ Bxc8 9. Nc3 f6 10. Nd5 Kd8 11. O-O-O Be6 12. Nb6 Rb8 13. Bxa6 Nb4 14. Bc4 Bxc4 15. Nxc4 Nxa2+ 16. Kd2 Nb4 17. Nd4 Kd7 18.
Ra1 Rb7 19. Ra8 Nc6 20. Nxc6 Kxc6 21. Rxf8 1-0

[Event "Early-Titled-Tuesday-Blitz-October-24-2023"]
[Site "Chess.com"]
[Date "2023.10.24"]
[Round "11"]
[White "dawid498"]
[Black "GlavkonVVS"]
[Result "1-0"]
[WhiteElo "2672"]
[BlackElo "2529"]
[TimeControl "180+1"]
[EndTime "9:59:34 PDT"]
[Termination "dawid498 won by resignation"]

1. e4 c5 2. Nc3 d6 3. f4 Nc6 4. Nf3 g6 5. Bc4 Bg7 6. d3 e6 7.
O-O Nge7 8. Qe1 O-O 9. f5 exf5 10. Qh4 Ne5 11. Nxe5 dxe5 12. Bg5 Qd4+ 13. Kh1 Nc6 14. Nd5 h5 15. c3 Qxc4 16. dxc4 fxe4 17. Nf6+ Bxf6 18. Bxf6 Kh7 19. Qxe4 Be6 20. Rad1 1-0

[Event "Early-Titled-Tuesday-Blitz-October-24-2023"]
[Site "Chess.com"]
[Date "2023.10.24"]
[Round "11"]
[White "santosalberto1987"]
[Black "chess123456s"]
[Result "0-1"]
[WhiteElo "2427"]
[BlackElo "2550"]
[TimeControl "180+1"]
[EndTime "9:59:36 PDT"]
[Termination "chess123456s won by resignation"]

1. e4 e5 2. Nf3 Nc6 3. Bc4 Nf6 4. d3 Bc5 5. c3 d6 6. Nbd2 a5 7. O-O O-O 8. h3 Be6 9. Bb5 Ba7 10. Re1 Ne7 11. d4 Ng6 12. Bf1 Nh5 13. Nc4 Bxc4 14.
Bxc4 Nhf4 15. Bxf4 Nxf4 16. dxe5 dxe5 17. Nxe5 Qg5 0-1

[Event "Early-Titled-Tuesday-Blitz-October-24-2023"]
[Site "Chess.com"]
[Date "2023.10.24"]
[Round "11"]
[White "Sharan_Rao"]
[Black "ChessBliss09"]
[Result "1-0"]
[WhiteElo "2583"]
[BlackElo "2028"]
[TimeControl "180+1"]
[EndTime "9:59:38 PDT"]
[Termination "Sharan_Rao won by checkmate"]

1. d4 d5 2. Nc3 Nf6 3. Bf4 Bf5 4. e3 e6 5. Bd3 Bxd3 6. cxd3 Nbd7 7. Nf3 c5 8. O-O cxd4 9. Nb5 Be7 10. Nc7+ Kf8 11.
Nxa8 Qxa8 12. exd4 h5 13. Rc1 h4 14. h3 Nh5 15.
Be5 Bf6 16. Bd6+ Be7 17. Bxe7+ Kxe7 18. Qb3 Rc8 19. Qa3+ Ke8 20. Rxc8+ Qxc8 21. Qxa7 Qc2 22. Qxb7 Qxd3 23. Qxd7+ Kxd7 24. Ne5+ Ke7 25. Nxd3 f5 26. Rc1 g5 27. b4 Kf6 28. b5 Ng7 29. b6 Ne8 30. b7 Nd6 31. b8=Q Nc4 32. Rxc4 dxc4 33. Ne5 f4 34. Qc7 Kf5 35. f3 g4 36. hxg4+ Kg5 37. a4 Kh6 38. a5 h3 39. gxh3 Kg5 40. a6 Kh6 41. a7 c3 42. a8=Q c2 43. Qxc2 Kg5 44.
Qe8 Kh4 45. Kg2 Kg5 46. Qxe6 Kh4 47. d5 Kg5 48. d6 Kh4 49. d7 Kg5 50. Nf7+ Kh4 51.
g5 Kh5 52. d8=Q Kh4 53. Qdf6 Kh5 54. Kh2 Kh4 55. Qxf4+ Kh5 56. Qff6 Kh4 57. Qg2 Kh5 58. Qeg4# 1-0

[Event "Early-Titled-Tuesday-Blitz-October-24-2023"]
[Site "Chess.com"]
[Date "2023.10.24"]
[Round "11"]
[White "JG-17"]
[Black "Keeper0416"]
[Result "0-1"]
[WhiteElo "2483"]
[BlackElo "2576"]
[TimeControl "180+1"]
[EndTime "9:59:49 PDT"]
[Termination "Keeper0416 won by resignation"]

1. e4 c5 2. Nc3 Nc6 3. g3 g6 4. Bg2 Bg7 5. d3 e5 6. Be3 d6 7.
Qd2 Nge7 8. Bh6 Bxh6 9. Qxh6 Nd4 10.
O-O-O b5 11. Qg7 Rg8 12. Qxh7 Qa5 13. Nd5 Qxa2 14. Nf6+ Kf8 15. Qh6+ Rg7 16. Nh7+ Kg8 17. Nf6+ Kf8 18. Qh8+ Rg8 19. Nh7+ Ke8 20. Nf6+ Kf8 21.
Nxg8 Nxg8 22. Nf3 Qa1+ 23. Kd2 Qxb2 24. Nxd4 cxd4 25. Rc1 Be6 26. h4 Rc8 27. h5 Bb3 28. Rhd1 Rxc2+ 0-1

[Event "Early-Titled-Tuesday-Blitz-October-24-2023"]
[Site "Chess.com"]
[Date "2023.10.24"]
[Round "11"]
[White "MidnightFox"]
[Black "Mariia89"]
[Result "1-0"]
[WhiteElo "2506"]
[BlackElo "2181"]
[TimeControl "180+1"]
[EndTime "9:59:54 PDT"]
[Termination "MidnightFox won by resignation"]

1. d4 Nf6 2. c4 c5 3. d5 b5 4. Nf3 d6 5. Qc2 b4 6. e4 g6 7. h3 Bg7 8. Bd3 O-O 9. O-O a5 10. Bf4 Nbd7 11. Nbd2 Nb6 12. Rae1 Ne8 13. e5 a4 14. Re2 Nc7 15. Rfe1 Bd7 16. exd6 exd6 17. Bxd6 Re8 18. Bxc5 Na6 19. Rxe8+ Bxe8 20. Rxe8+ Qxe8 21. Bxb6 a3 22. b3 Bc3 23. Ne4 Bb2 24. c5 Nb8 25. c6 Na6 26. d6 Qe6 27. d7 Qd5 28. Bxa6 Rxa6 29. d8=Q+ 1-0

[Event "Early-Titled-Tuesday-Blitz-October-24-2023"]
[Site "Chess.com"]
[Date "2023.10.24"]
[Round "11"]
[White "dropstoneDP"]
[Black "abhidabhi"]
[Result "1-0"]
[WhiteElo "3098"]
[BlackElo "2906"]
[TimeControl "180+1"]
[EndTime "10:00:19 PDT"]
[Termination "dropstoneDP won by resignation"]

1. e4 c5 2. Nf3 Nc6 3. d4 cxd4 4.
Nxd4 Nf6 5. Nc3 d6 6. Bc4 Qb6 7.
Nxc6 bxc6 8. O-O g6 9. Be3 Qc7 10. h3 Bg7 11. Qd2 O-O 12. Bh6 a5 13. Bxg7 Kxg7 14.
b3 a4 15. bxa4 d5 16. exd5 cxd5 17. Bb3 Rd8 18. Nb5 Qc5 19. Rfe1 Ba6 20. Nd4 Rac8 21. Qf4 Ne4 22. Qe5+ Kg8 23. Ne6 Qc3 24. Qxc3 Nxc3 25.
Nxd8 Rxd8 26. Rxe7 Kf8 27. Ra7 Rd6 28. Re1 h5 29.
Ree7 Rf6 30. f3 h4 31. Kf2 Ne4+ 32. Ke3 Nd6 33. Red7 Nf5+ 34. Kd2 Re6 35. Bxd5 Re2+ 36. Kc3 1-0

[Event "Early-Titled-Tuesday-Blitz-October-24-2023"]
[Site "Chess.com"]
[Date "2023.10.24"]
[Round "11"]
[White "ExcitingTrap"]
[Black "ExchangeAB"]
[Result "1-0"]
[WhiteElo "2433"]
[BlackElo "2539"]
[TimeControl "180+1"]
[EndTime "10:00:21 PDT"]
[Termination "ExcitingTrap won by resignation"]

1. e4 c6 2. d4 d5 3. e5 Bf5 4. h4 h5 5. Bd3 Bxd3 6. Qxd3 e6 7.
Nf3 Qa5+ 8. Nbd2 Qa6 9. c4 Bb4 10. O-O Ne7 11. a4 Nd7 12. b3 c5 13. Qc2 Bxd2 14. Bxd2 dxc4 15. bxc4 cxd4 16. Nxd4 Nxe5 17. Nb5 O-O-O 18. Bf4 N7c6 19. Qe4 f6 20. c5 Qa5 21. Rab1 Rd7 22. Nd6+ Kb8 23. Bxe5 fxe5 24. Qxc6 Qc7 25. Rxb7+ 1-0

[Event "Early-Titled-Tuesday-Blitz-October-24-2023"]
[Site "Chess.com"]
[Date "2023.10.24"]
[Round "11"]
[White "SlippperyWhenWet"]
[Black "LiadCuba"]
[Result "0-1"]
[WhiteElo "2353"]
[BlackElo "2364"]
[TimeControl "180+1"]
[EndTime "10:00:26 PDT"]
[Termination "LiadCuba won by resignation"]

1. e4 c5 2. Nf3 d6 3. d4 cxd4 4. Nxd4 Nf6 5. Nc3 a6 6. Bd2 e6 7. Bd3 b5 8. a3 Bb7 9. O-O Be7 10. h3 O-O 11. Qe2 Nc6 12. Nxc6 Bxc6 13. Rae1 Qc7 14. f4 Rfb8 15. e5 Nd5 16. Ne4 dxe5 17. f5 exf5 18. Rxf5 Nf4 19. Rxf4 exf4 20. Qh5 Bxe4 21.
Bxe4 Qc5+ 22. Qxc5 Bxc5+ 23. Kh2 Bf2 24. Re2 Bg3+ 25.
Kh1 Re8 26. b3 Re6 27. a4 Rae8 28. axb5 axb5 0-1

[Event "Early-Titled-Tuesday-Blitz-October-24-2023"]
[Site "Chess.com"]
[Date "2023.10.24"]
[Round "11"]
[White "Malev212"]
[Black "Bilan_Danila"]
[Result "1-0"]
[WhiteElo "2647"]
[BlackElo "2438"]
[TimeControl "180+1"]
[EndTime "10:00:29 PDT"]
[Termination "Malev212 won by checkmate"]

1. d4 d5 2. c4 c6 3. Nf3 Nf6 4. Nc3 e6 5. Bg5 Nbd7 6. e3 Qa5 7. cxd5 exd5 8. Bd3 Ne4 9. O-O Nxg5 10. Nxg5 Nf6 11.
f4 h6 12. Nf3 Be7 13. Ne5 Be6 14. Rc1 Ne4 15. f5 Nxc3 16. Qh5 Bxf5 17. Qxf7+ Kd8 18. Qxf5 Rf8 19. Qd7# 1-0

[Event "Early-Titled-Tuesday-Blitz-October-24-2023"]
[Site "Chess.com"]
[Date "2023.10.24"]
[Round "11"]
[White "esrosenberg"]
[Black "HanSchut"]
[Result "1-0"]
[WhiteElo "2456"]
[BlackElo "2298"]
[TimeControl "180+1"]
[EndTime "10:00:33 PDT"]
[Termination "esrosenberg won by resignation"]

1. d4 Nf6 2. Nf3 g6 3. Nc3 d5 4. Bf4 Bg7 5. Nb5 Na6 6. e3 O-O 7. h3 c6 8. Nc3 Nc7 9. Bd3 Ne6 10. Be5 c5 11. O-O c4 12. Be2 a6 13. a4 Qd7 14.
Re1 b6 15. Bh2 Bb7 16. Ne5 Qe8 17. Bf3 b5 18. axb5 axb5 19. Rxa8 Bxa8 20. Qa1 b4 21. Na4 Ng5 22. Nb6 Nxf3+ 23. Nxf3 Nd7 24. Qa7 Nxb6 25.
Qxb6 Qc6 26. Qxb4 Rb8 27. Qxb8+ 1-0

[Event "Early-Titled-Tuesday-Blitz-October-24-2023"]
[Site "Chess.com"]
[Date "2023.10.24"]
[Round "11"]
[White "DonCiao"]
[Black "Laico"]
[Result "0-1"]
[WhiteElo "2121"]
[BlackElo "2351"]
[TimeControl "180+1"]
[EndTime "10:00:34 PDT"]
[Termination "Laico won by resignation"]

1. c4 e5 2. g3 f5 3. d4 Nf6 4. dxe5 Ng4 5. Nf3 Bb4+ 6. Bd2 Bxd2+ 7. Qxd2 Qe7 8. Qc3 Nc6 9. Bg2 O-O 10. O-O Ngxe5 11.
Nxe5 Nxe5 12. Nd2 d6 13. b4 Rb8 14. c5 dxc5 15. bxc5 f4 16. Nb3 Bg4 17. Rfe1 Qf6 18.
gxf4 Qxf4 19. Qg3 Qf6 20. h3 Bd7 21. Rad1 Bc6 22. Bxc6 Nxc6 23. Rd7 Rf7 24. Qxc7 Qg5+ 25. Kf1 Rxf2+ 26. Kxf2 Rf8+ 0-1

[Event "Early-Titled-Tuesday-Blitz-October-24-2023"]
[Site "Chess.com"]
[Date "2023.10.24"]
[Round "11"]
[White "Xqswdc"]
[Black "HajiyevKanan"]
[Result "1-0"]
[WhiteElo "2354"]
[BlackElo "2523"]
[TimeControl "180+1"]
[EndTime "10:00:36 PDT"]
[Termination "Xqswdc won by resignation"]

1. Nf3 d5 2. b3 Nf6 3. Bb2 g6 4. e3 Bg7 5. c4 Nh5 6. Bxg7 Nxg7 7. cxd5 Qxd5 8. Nc3 Qh5 9. Be2 O-O 10. d4 Nd7 11.
Ne5 Qg5 12. h4 Qf5 13. Bg4 Qf6 14. Nxd7 Qc6 15. Nc5 Bxg4 16. Qxg4 b6 17. Qe4 Qe8 18.
Nd3 f5 19. Qe5 Rc8 20. Nf4 Qc6 21. Rc1 e6 22. O-O Qd7 23. d5 Rfe8 24. dxe6 Nxe6 25. Ncd5 Nxf4 26. Nf6+ Kf7 27. Nxd7 Ne2+ 28. Kh2 Rxe5 29. Nxe5+ Ke6 30. Rc2 1-0

[Event "Early-Titled-Tuesday-Blitz-October-24-2023"]
[Site "Chess.com"]
[Date "2023.10.24"]
[Round "11"]
[White "PinaSoprano"]
[Black "UK_23"]
[Result "0-1"]
[WhiteElo "2235"]
[BlackElo "2400"]
[TimeControl "180+1"]
[EndTime "10:00:38 PDT"]
[Termination "UK_23 won by resignation"]

1. d4 d5 2. c4 e6 3. Nf3 Nf6 4.
Nc3 Be7 5. Bg5 O-O 6. e3 b6 7. cxd5 Nxd5 8. h4 Nxc3 9. bxc3 c5 10. Bd3 Ba6 11. Bxe7 Qxe7 12. Bxh7+ Kxh7 13. Ng5+ Kg8 14. Qh5 Bd3 15. e4 Bxe4 16. Nxe4 Nd7 17. O-O cxd4 18. cxd4 Nf6 19. Qg5 Rfe8 20. Ng3 Nd5 21. Qg4 Rad8 22. Nh5 f5 23. Qg3 Nf6 24. Nf4 Rxd4 25.
Rfe1 Re4 26. f3 Rxe1+ 27. Rxe1 e5 28. Ng6 Qc5+ 29. Kh1 e4 30. fxe4 Nxe4 31. Rxe4 fxe4 0-1

[Event "Early-Titled-Tuesday-Blitz-October-24-2023"]
[Site "Chess.com"]
[Date "2023.10.24"]
[Round "11"]
[White "Malikova777"]
[Black "ShahxaibKhan"]
[Result "1/2-1/2"]
[WhiteElo "2281"]
[BlackElo "2399"]
[TimeControl "180+1"]
[EndTime "10:00:39 PDT"]
[Termination "Game drawn by repetition"]

1. d4 Nf6 2. c4 e6 3. Nc3 Bb4 4. Qc2 Nc6 5. e3 O-O 6. Bd3 d6 7. Ne2 e5 8. d5 Ne7 9. O-O Bxc3 10. Nxc3 Ng6 11. f4 exf4 12. exf4 Re8 13. Bd2 Ng4 14.
h3 Ne3 15. Bxe3 Rxe3 16. Bxg6 hxg6 17. Rae1 Bf5 18. Qf2 Rxe1 19. Rxe1 Qf6 20. Qe3 Bd7 21.
Qe7 Qd4+ 22. Kh1 Re8 23. Qh4 Rxe1+ 24. Qxe1 Qxf4 25. Qe7 Bf5 26. Qxc7 Qc1+ 27. Kh2 Qxb2 28. Qd8+ Kh7 29. Qh4+ Kg8 30. Qd8+ Kh7 31. Qh4+ Kg8 32. Qd8+ 1/2-1/2

[Event "Early-Titled-Tuesday-Blitz-October-24-2023"]
[Site "Chess.com"]
[Date "2023.10.24"]
[Round "11"]
[White "IMRosen"]
[Black "Legendinunknown"]
[Result "1-0"]
[WhiteElo "2629"]
[BlackElo "2802"]
[TimeControl "180+1"]
[EndTime "10:00:40 PDT"]
[Termination "IMRosen won by resignation"]

1. e4 c5 2. Nc3 Nc6 3. Bb5 Nd4 4. Nf3 Nxb5 5. Nxb5 a6 6. Nc3 e6 7. d4 cxd4 8. Qxd4 Ne7 9. Be3 Nc6 10. Qb6 Qxb6 11.
Bxb6 Be7 12. Ke2 d6 13. Rhd1 Bd7 14. Bc7 Nb4 15. a3 Rc8 16. Bxd6 Nxc2 17. Rac1 Rxc3 18. bxc3 Nxa3 19. Bxe7 Kxe7 20. Ne5 Be8 21. c4 f6 22. Nd3 Bc6 23. Rc3 1-0

[Event "Early-Titled-Tuesday-Blitz-October-24-2023"]
[Site "Chess.com"]
[Date "2023.10.24"]
[Round "11"]
[White "Sofia_Blokhin"]
[Black "Kostukov_Alex"]
[Result "0-1"]
[WhiteElo "2258"]
[BlackElo "2406"]
[TimeControl "180+1"]
[EndTime "10:00:51 PDT"]
[Termination "Kostukov_Alex won by resignation"]

1. d4 g6 2. e4 c5 3. d5 Bg7 4.
c4 d6 5. Nc3 Nf6 6. g3 O-O 7.
h4 e6 8. Bg5 h6 9. Bf4 exd5 10.
cxd5 Re8 11. Bd3 c4 12. Bc2 b5 13. f3 a6 14. Qd2 h5 15. Nge2 Qc7 16. O-O-O Nbd7 17. Rdg1 Ne5 18. Nd4 Bd7 19. Kb1 Rac8 20. Bxe5 Rxe5 21.
f4 Ree8 22. f5 b4 23. Nce2 Nxe4 24. Bxe4 Rxe4 25. fxg6 fxg6 26. Nf3 Bf5 27. Ka1 c3 28. bxc3 Rxe2 0-1

[Event "Early-Titled-Tuesday-Blitz-October-24-2023"]
[Site "Chess.com"]
[Date "2023.10.24"]
[Round "11"]
[White "Aash20"]
[Black "CraiggoryC"]
[Result "1-0"]
[WhiteElo "2508"]
[BlackElo "2197"]
[TimeControl "180+1"]
[EndTime "10:00:56 PDT"]
[Termination "Aash20 won on time"]

1. e4 e6 2. d4 d5 3. Nd2 Be7 4. Ngf3 Nf6 5. e5 Nfd7 6. Bd3 c5 7. c3 Nc6 8. O-O a5 9. b3 a4 10. Bb2 a3 11. Bc1 cxd4 12. cxd4 Qb6 13. Rb1 Nxd4 14.
Nxd4 Qxd4 15. Nf3 Qa7 16. b4 O-O 17. Qc2 h6 18. Be3 Qb8 19. Rfe1 Nxe5 20. Nxe5 Qxe5 21.
Bxh6 Qh5 22. Bf4 Bd7 23. Re3 Rfc8 24. Qd2 f6 25. Rh3 Qe8 26. Bh7+ Kf7 27. Qd3 f5 28.
Qg3 Kf8 29. Bg6 1-0

[Event "Early-Titled-Tuesday-Blitz-October-24-2023"]
[Site "Chess.com"]
[Date "2023.10.24"]
[Round "11"]
[White "brm72"]
[Black "leejunhyeok"]
[Result "1/2-1/2"]
[WhiteElo "2571"]
[BlackElo "2668"]
[TimeControl "180+1"]
[EndTime "10:00:58 PDT"]
[Termination "Game drawn by repetition"]

1. e4 c5 2. Nf3 d6 3. d4 cxd4 4. Nxd4 Nf6 5. Nc3 a6 6. Be2 e5 7. Nb3 Be7 8. O-O O-O 9. Re1 Re8 10. Bf3 h6 11. h3 Nbd7 12. a4 Nf8 13. a5 Ng6 14.
Be3 Be6 15. Nc1 Rc8 16. Bb6 Qd7 17. Nd3 Nh4 18. Be2 Bxh3 19. gxh3 Qxh3 20. Bf1 Nf3+ 21. Qxf3 Qxf3 22. Re3 Qg4+ 23. Rg3 Qe6 24. Bh3 Qc4 25. Ra4 Qc6 26. Nb4 Qc4 27. Nbd5 Qc6 28. Nb4 Qc4 29. Nbd5 Qc6 30. Nb4 1/2-1/2

[Event "Early-Titled-Tuesday-Blitz-October-24-2023"]
[Site "Chess.com"]
[Date "2023.10.24"]
[Round "11"]
[White "vasblesk"]
[Black "GatoRojo150"]
[Result "1/2-1/2"]
[WhiteElo "2741"]
[BlackElo "2606"]
[TimeControl "180+1"]
[EndTime "10:01:00 PDT"]
[Termination "Game drawn by repetition"]

1. Nf3 d5 2. g3 Nc6 3. Bg2 e5 4. O-O Nf6 5. d3 Bc5 6. b3 Qe7 7. Bb2 e4 8. dxe4 dxe4 9. Nd4 Bd7 10. e3 h5 11. h4 O-O-O 12. Nd2 Bg4 13. Nxc6 bxc6 14.
Qc1 Rdg8 15. Bxf6 gxf6 16. Nxe4 Bb6 17. c4 f5 18. c5 fxe4 19. cxb6 Rg6 20. bxa7 Kb7 21.
Qc3 Rhg8 22. Qa5 Bf3 23. Bxf3 exf3 24. Qxh5 Rxg3+ 25. fxg3 Rxg3+ 26. Kh1 Rh3+ 27. Kg1 Qxe3+ 28. Rf2 Rg3+ 29. Kh1 Qxf2 30. a8=Q+ Kxa8 31. Qa5+ Kb7 32. Qb4+ Ka8 33. Qa5+ Kb7 34. Qb4+ Kc8 35. Qf8+ Kb7 36. Qb4+ 1/2-1/2

[Event "Early-Titled-Tuesday-Blitz-October-24-2023"]
[Site "Chess.com"]
[Date "2023.10.24"]
[Round "11"]
[White "angryspacevoid"]
[Black "VOneChess"]
[Result "1-0"]
[WhiteElo "2519"]
[BlackElo "2312"]
[TimeControl "180+1"]
[EndTime "10:01:00 PDT"]
[Termination "angryspacevoid won on time"]

1. e4 d5 2. exd5 Nf6 3. d4 Bg4 4. f3 Bf5 5. c4 e6 6. Nc3 exd5 7. g4 Nxg4 8. fxg4 Qh4+ 9. Kd2 Qg5+ 10. Ke2 Bxg4+ 11. Nf3 Bxf3+ 12. Kxf3 Qh5+ 13. Kf2 Qh4+ 14. Kg2 Nc6 15. cxd5 Nxd4 16. Qe1+ Be7 17. Qxh4 Bxh4 18.
Bf4 O-O-O 19. Bd3 c6 20. dxc6 bxc6 21. Rad1 1-0

[Event "Early-Titled-Tuesday-Blitz-October-24-2023"]
[Site "Chess.com"]
[Date "2023.10.24"]
[Round "11"]
[White "dianamirza"]
[Black "pankajfm"]
[Result "0-1"]
[WhiteElo "2000"]
[BlackElo "2179"]
[TimeControl "180+1"]
[EndTime "10:01:00 PDT"]
[Termination "pankajfm won by checkmate"]

1. e4 c5 2. Nf3 d6 3. d4 cxd4 4. Nxd4 Nf6 5. Nc3 a6 6. Be3 e5 7. Nf3 Be7 8. Bc4 O-O 9. O-O h6 10. a4 Qc7 11. Qe2 Nbd7 12. Rfd1 b6 13. h3 Bb7 14. Nd5 Nxd5 15. Bxd5 Nf6 16. c4 Nxe4 17. Bxh6 Bxd5 18. cxd5 gxh6 19. Qxe4 f5 20. Qe3 Kh7 21. Rac1 Qd8 22. Rc6 Rb8 23. Nxe5 Bg5 24. f4 dxe5 25. fxg5 Qxg5 26. Qxe5 Rg8 27. Rc7+ Kg6 28. d6 Kh5 29. d7 Qxg2# 0-1

[Event "Early-Titled-Tuesday-Blitz-October-24-2023"]
[Site "Chess.com"]
[Date "2023.10.24"]
[Round "11"]
[White "BardArtem"]
[Black "seopie"]
[Result "1-0"]
[WhiteElo "2702"]
[BlackElo "2879"]
[TimeControl "180+1"]
[EndTime "10:01:03 PDT"]
[Termination "BardArtem won by resignation"]

1. e4 c5 2. c3 Nf6 3. e5 Nd5 4. Nf3 Nc6 5. Bc4 Nb6 6. Bb3 d5 7. exd6 Qxd6 8. O-O Be6 9. Bxe6 Qxe6 10. a4 Qd7 11. a5 Nd5 12. a6 b6 13. d4 e6 14.
Ne5 Nxe5 15. dxe5 b5 16. Qg4 h5 17. Qf3 g6 18. Nd2 Bg7 19. Ne4 Bxe5 20. Nxc5 Qc6 21. Nd3 Bg7 22. Re1 O-O 23. Bf4 Rac8 24. Be5 f6 25.
Bd4 Rf7 26. Be3 e5 27. Red1 Rd7 28. Rd2 f5 29. Nb4 e4 30. Nxc6 exf3 31. Rxd5 1-0

[Event "Early-Titled-Tuesday-Blitz-October-24-2023"]
[Site "Chess.com"]
[Date "2023.10.24"]
[Round "11"]
[White "Sokoloco"]
[Black "Oleksandr_Bortnyk"]
[Result "1/2-1/2"]
[WhiteElo "2762"]
[BlackElo "3004"]
[TimeControl "180+1"]
[EndTime "10:01:12 PDT"]
[Termination "Game drawn by repetition"]

1. b3 d5 2. Bb2 Bf5 3. e3 e6 4. d4 Nf6 5. Bd3 Bd6 6. Nf3 c6 7. Ne5 Ne4 8. Nd2 Nd7 9. Bxe4 dxe4 10. g4 Bg6 11. Nxg6 hxg6 12. Nxe4 Bxh2 13. Nd6+ Ke7 14. Nxb7 Qb6 15. Ba3+ c5 16. Qf3 Rab8 17. dxc5 Qa6 18.
O-O-O Qxa3+ 19. Kb1 Be5 20. Rxd7+ Kxd7 21. Qxf7+ Kc6 22.
Qf3+ Kb5 23. Qe2+ Kc6 24. Qf3+ Kc7 25. Qf7+ Kc6 26. Qf3+ 1/2-1/2